[Event "Early-Titled-Tuesday-Blitz-November-28-2023"]
[Site "Chess.com"]
[Date "2023.11.28"]
[Round "11"]
[White "M1711"]
[Black "Shield12"]
[Result "0-1"]
[WhiteElo "2608"]
[BlackElo "2915"]
[TimeControl "180+1"]
[EndTime "10:10:06 PST"]
[Termination "Shield12 won on time"]

1. e4 c5 2. Nf3 d6 3. c3 Nf6 4.
Bb5+ Nc6 5. Qe2 Bd7 6. d4 cxd4 7.
cxd4 a6 8. Ba4 d5 9. e5 Ne4 10. Bxc6 Bxc6 11. a4 Qa5+ 12. Nbd2 e6 13. O-O Bb4 14.
Nxe4 dxe4 15. Ng5 h6 16. Nh3 g5 17. Be3 Be7 18. Rfc1 Rg8 19. Qh5 Rg6 20. Kh1 Qb4 21.
Qe2 Bxa4 22. Rc4 Bb5 23. Rxb4 Bxe2 24. Rxb7 f5 25. exf6 Rxf6 26. b4 Rf5 27. Kg1 Rb5 28.
Rxb5 Bxb5 29. Bd2 Rc8 30. f3 Rc2 31. Be1 e3 32. Rd1 Rb2 33. Rc1 Bxb4 34. Bxb4 Rxb4 35.
g3 a5 0-1

[Event "Early-Titled-Tuesday-Blitz-November-28-2023"]
[Site "Chess.com"]
[Date "2023.11.28"]
[Round "11"]
[White "koncheto"]
[Black "GMJustin"]
[Result "1-0"]
[WhiteElo "2526"]
[BlackElo "2311"]
[TimeControl "180+1"]
[EndTime "10:10:08 PST"]
[Termination "koncheto won on time"]

1. e4 e5 2. Nf3 Nc6 3. d4 exd4 4.
Bc4 Bc5 5. c3 Nf6 6. e5 d5 7.
Bb5 Ne4 8. cxd4 Bb6 9. h3 O-O 10.
O-O Bd7 11. Bxc6 Bxc6 12. Nc3 f6 13. Be3 Qd7 14. exf6 Rxf6 15. Ne5 Qe6 16. f3 Nxc3 17. bxc3 Bb5 18. Re1 Qd6 19. a4 1-0

[Event "Early-Titled-Tuesday-Blitz-November-28-2023"]
[Site "Chess.com"]
[Date "2023.11.28"]
[Round "11"]
[White "Herman-NY"]
[Black "Agibileg"]
[Result "0-1"]
[WhiteElo "2484"]
[BlackElo "2645"]
[TimeControl "180+1"]
[EndTime "10:10:15 PST"]
[Termination "Agibileg won on time"]

1. e4 e5 2. Nf3 f5 3. Nxe5 Nf6 4.
d4 fxe4 5. Be2 d6 6. Nc4 d5 7.
Ne3 Bd6 8. c4 c6 9. Nc3 Be6 10.
g4 O-O 11. g5 c5 12. cxd5 Bh3 13. gxf6 Qxf6 14. Nxe4 Qf4 15. Qd3 cxd4 16. Nc4 Bb4+ 17. Bd2 Bg2 18. Rg1 Bxe4 19. Qxd4 Bxd2+ 20. Nxd2 Bg6 21. Qxf4 Rxf4 22. Rc1 Nd7 23. Rc7 Ne5 24. Rg3 Rd8 0-1

[Event "Early-Titled-Tuesday-Blitz-November-28-2023"]
[Site "Chess.com"]
[Date "2023.11.28"]
[Round "11"]
[White "pinguino120"]
[Black "queen_iryna"]
[Result "0-1"]
[WhiteElo "2289"]
[BlackElo "2311"]
[TimeControl "180+1"]
[EndTime "10:10:16 PST"]
[Termination "queen_iryna won by checkmate"]

1. d4 d6 2. Nf3 g6 3. e4 Bg7 4. Nc3 Nc6 5. Be2 Nf6 6. O-O O-O 7. d5 Nb8 8. Be3 c6 9. h3 cxd5 10. exd5 a5 11. Re1 Na6 12. Qd2 Nc5 13. Rad1 Bd7 14. Nd4 Nfe4 15. Nxe4 Nxe4 16. Qc1 Rc8 17. c3 Nc5 18.
Bg4 Bxg4 19. hxg4 Qd7 20. f3 b5 21. Bg5 Rfe8 22. Qe3 b4 23. Bxe7 bxc3 24. bxc3 Na4 25.
Nc6 Nxc3 26. Rd3 Nxd5 27. Rxd5 Rxc6 28. Qg5 h6 29. Qh4 g5 30. Bxg5 Rxe1+ 31. Qxe1 hxg5 32.
Rxg5 Rc5 33. Rxc5 dxc5 34. Qxa5 Bd4+ 35. Kf1 Qe6 36. Qa8+ Kg7 37. Qe4 Qxa2 38. Ke1 Qxg2 39. Qf5 Bc3+ 40. Kd1 Qd2# 0-1

[Event "Early-Titled-Tuesday-Blitz-November-28-2023"]
[Site "Chess.com"]
[Date "2023.11.28"]
[Round "11"]
[White "GoValya"]
[Black "Ziyamammadov"]
[Result "1-0"]
[WhiteElo "2197"]
[BlackElo "1891"]
[TimeControl "180+1"]
[EndTime "10:10:28 PST"]
[Termination "GoValya won by resignation"]

1. d4 e5 2. dxe5 Nc6 3. Nf3 Qe7 4. g3 Nxe5 5. Bg2 Nxf3+ 6. Bxf3 Nf6 7. O-O Qd8 8. c4 d6 9. Nc3 Be7 10. Qb3 c6 11. Rd1 O-O 12. Bf4 Ne8 13. e4 g5 14.
Be3 Qc7 15. Rac1 Nf6 16. Bxg5 Bg4 17. Bxg4 Nxg4 18. Bf4 Rad8 19. h3 Ne5 20. Bh6 Rfe8 21. Ne2 Qd7 22. Kg2 Qe6 23. Bf4 Qg6 24. Qc2 Bg5 25. Bxg5 Qxg5 26. f4 Qh5 27. fxe5 Qxe5 28. Nf4 1-0

[Event "Early-Titled-Tuesday-Blitz-November-28-2023"]
[Site "Chess.com"]
[Date "2023.11.28"]
[Round "11"]
[White "Bodhanas"]
[Black "noblerone"]
[Result "1-0"]
[WhiteElo "2233"]
[BlackElo "2477"]
[TimeControl "180+1"]
[EndTime "10:10:38 PST"]
[Termination "Bodhanas won on time"]

1. d4 d5 2. Nf3 Nf6 3. Bf4 c5 4. e3 Nc6 5. c3 Qb6 6. Qb3 c4 7. Qc2 Bf5 8. Qc1 e6 9. Be2 h6 10. Nbd2 Be7 11. b3 cxb3 12. axb3 O-O 13. O-O Ne4 14. b4 Rac8 15. Nxe4 Bxe4 16. Nd2 Bg6 17. Qb2 a5 18. b5 Na7 19. Nb3 Bd6 20. Bxd6 Qxd6 21.
Rxa5 Qb6 22. Rfa1 Ra8 23. Qa2 Rfc8 24. Rxa7 Rxa7 25. Qxa7 Qxa7 26. Rxa7 Rxc3 27. Nd2 Rc2 28. h3 Rxd2 29. Bf3 Rb2 30. Rxb7 Be4 31. Bxe4 dxe4 32. g4 g5 33. Kg2 Kg7 34. Kg3 Kg6 35. f3 exf3 36.
Kxf3 Rh2 37. b6 1-0

[Event "Early-Titled-Tuesday-Blitz-November-28-2023"]
[Site "Chess.com"]
[Date "2023.11.28"]
[Round "11"]
[White "DenisQ"]
[Black "FARIZA2018"]
[Result "1-0"]
[WhiteElo "2688"]
[BlackElo "2534"]
[TimeControl "180+1"]
[EndTime "10:10:42 PST"]
[Termination "DenisQ won by resignation"]

1. Nf3 Nf6 2. c4 e6 3. g3 d5 4. Bg2 dxc4 5. Qa4+ Nbd7 6. Qxc4 a6 7. Qc2 c5 8. O-O b5 9. a4 Bb7 10. axb5 axb5 11.
Rxa8 Qxa8 12. Nc3 Bc6 13. d3 Be7 14. Nh4 Bxg2 15. Nxg2 b4 16. Na4 O-O 17. Ne3 Qc6 18. Nc4 Nd5 19. b3 Bf6 20. Bb2 Bxb2 21. Qxb2 Re8 22.
Ne5 Nxe5 23. Qxe5 f6 24. Qe4 f5 25. Qe5 Qc7 26. Qxc7 Nxc7 27. Rc1 Nd5 28. Rxc5 Kf7 29. Rc4 Rb8 30. Nc5 Nc3 31. e3 Nd5 32. Kg2 Rc8 33.
Nxe6 Rxc4 34. dxc4 Nxe3+ 35. fxe3 Kxe6 36. Kf3 Ke5 37.
h4 g6 38. g4 h5 39. gxh5 gxh5 40. Kf2 Ke4 41. Ke2 f4 42. exf4 Kxf4 43. Kd3 Ke5 44.
Ke3 1-0

[Event "Early-Titled-Tuesday-Blitz-November-28-2023"]
[Site "Chess.com"]
[Date "2023.11.28"]
[Round "11"]
[White "katharinareinecke"]
[Black "LeoWin2012"]
[Result "0-1"]
[WhiteElo "2000"]
[BlackElo "2249"]
[TimeControl "180+1"]
[EndTime "10:10:43 PST"]
[Termination "LeoWin2012 won by checkmate"]

1. d4 Nf6 2. c4 g6 3. Nf3 d5 4.
cxd5 Nxd5 5. g3 Bg7 6. Bg2 c5 7. dxc5 Qa5+ 8. Bd2 Qxc5 9. Qc1 Qxc1+ 10. Bxc1 Nc6 11. e4 Ndb4 12. Na3 Nd3+ 13. Kd2 Nxb2 14. Rb1 Na4 15. Nb5 O-O 16. Kc2 Bg4 17. Kb3 Nc5+ 18.
Kc4 Nxe4 19. Nfd4 Nxf2 20. Rf1 Nxd4 21. Nxd4 Rac8+ 22. Kb3 Bxd4 23. Bb2 Bxb2 24. Rxb2 Nd3 25. Rd2 Nc5+ 26. Kb2 Be6 27. h4 Na4+ 28. Ka3 Nc5 29. h5 Bc4 30. Rh1 b5 31. Bf3 a5 32. hxg6 fxg6 33. Bg4 b4+ 34. Kb2 Rc6 35. Rdh2 Rf7 36. Bf3 Rxf3 37. Rxh7 Rf2+ 38. Kc1 Nd3+ 39. Kd1 Bxa2 40.
Rh8+ Kg7 41. R1h7+ Kf6 42. Rf8+ Kg5 43. Rxf2 Nxf2+ 44. Ke2 Rc2+ 45. Ke3 Ng4+ 46. Kf3 Bd5# 0-1

[Event "Early-Titled-Tuesday-Blitz-November-28-2023"]
[Site "Chess.com"]
[Date "2023.11.28"]
[Round "11"]
[White "Mikhail_Golubev"]
[Black "vladgoncharov"]
[Result "0-1"]
[WhiteElo "2579"]
[BlackElo "2632"]
[TimeControl "180+1"]
[EndTime "10:10:44 PST"]
[Termination "vladgoncharov won by resignation"]

1. e4 e6 2. d4 d5 3. Nc3 Nc6 4.
Nf3 Nf6 5. e5 Ne4 6. Bd3 Bb4 7.
O-O Nxc3 8. bxc3 Bxc3 9. Rb1 Bb4 10. Ng5 Be7 11. Qh5 g6 12. Qh6 Bf8 13. Qh3 Bg7 14.
Nxh7 Nxd4 15. Rb4 c5 16. Rxd4 cxd4 17. Ba3 Bd7 18. f4 Rc8 19. f5 exf5 20. e6 Bxe6 21. Bb5+ Rc6 22. Bxc6+ bxc6 23. Rb1 Be5 24. Bc5 Qa5 25. Bb4 Qb5 26. Qh4 c5 27. a4 Qb8 28.
Nf6+ Bxf6 29. Qxf6 Qxh2+ 30. Kf1 Qf4+ 31. Ke2 Qe3+ 0-1

[Event "Early-Titled-Tuesday-Blitz-November-28-2023"]
[Site "Chess.com"]
[Date "2023.11.28"]
[Round "11"]
[White "ViktoriyaTarasova"]
[Black "verrbaa"]
[Result "0-1"]
[WhiteElo "2352"]
[BlackElo "2469"]
[TimeControl "180+1"]
[EndTime "10:10:44 PST"]
[Termination "verrbaa won by resignation"]

1. d4 Nf6 2. c4 g6 3. Nc3 Bg7 4. e4 d6 5. h3 O-O 6. Be3 e5 7.
d5 Na6 8. g4 Nc5 9. Qc2 a5 10.
Be2 c6 11. O-O-O cxd5 12. cxd5 a4 13. Kb1 Bd7 14. f3 Qa5 15. Bd2 Qb6 16. h4 h5 17.
gxh5 Nxh5 18. Nh3 Rfc8 19. Rdg1 a3 20. b3 Bxh3 21. Rxh3 Nf4 22. Rh2 Nxe4 23. Rc1 Nxc3+ 24. Bxc3 e4 25. Qxe4 Bxc3 26. Qd4 Qxd4 0-1

[Event "Early-Titled-Tuesday-Blitz-November-28-2023"]
[Site "Chess.com"]
[Date "2023.11.28"]
[Round "11"]
[White "ActorXu"]
[Black "Sadykov_Ramil"]
[Result "1-0"]
[WhiteElo "2854"]
[BlackElo "2714"]
[TimeControl "180+1"]
[EndTime "10:10:47 PST"]
[Termination "ActorXu won by resignation"]

1. e4 e5 2. Nf3 Nf6 3. Nxe5 d6 4.
Nf3 Nxe4 5. d4 d5 6. Bd3 Bd6 7. O-O O-O 8. c4 c6 9. Re1 Bf5 10. Nc3 Nxc3 11. bxc3 Bxd3 12. Qxd3 Nd7 13. c5 Bc7 14.
Bg5 f6 15. Bh4 Re8 16. Qf5 Nf8 17. Rxe8 Qxe8 18. Re1 Qg6 19. Qxg6 Nxg6 20. Bg3 Bxg3 21. hxg3 b5 22. Re6 Rc8 23. Rd6 Nf8 24. Nh4 Kf7 25.
Nf5 g6 26. Nh6+ Kg7 27. Ng4 Rc7 28. Nxf6 Kf7 29. Ng4 Nd7 30. Rxd7+ Rxd7 31. Ne5+ Ke6 32. Nxd7 Kxd7 33. g4 g5 34. g3 a5 35. f4 h6 36.
Kf2 Ke6 37. Ke3 Kd7 38. Kd2 Kc7 39. Kc2 Kd7 40. Kb3 Kc7 41. a4 Kd7 42. axb5 cxb5 43.
f5 Ke7 44. c6 Kd6 45. f6 1-0

[Event "Early-Titled-Tuesday-Blitz-November-28-2023"]
[Site "Chess.com"]
[Date "2023.11.28"]
[Round "11"]
[White "tylityli"]
[Black "MeesvanOsch"]
[Result "0-1"]
[WhiteElo "2272"]
[BlackElo "2414"]
[TimeControl "180+1"]
[EndTime "10:10:48 PST"]
[Termination "MeesvanOsch won on time"]

1. d4 Nf6 2. c4 c5 3. d5 b5 4. Nd2 g6 5. b3 Bg7 6. Bb2 O-O 7. Qc2 e6 8. e4 exd5 9. cxd5 Re8 10.
Be2 d6 11. Ngf3 a6 12. O-O Bg4 13. Rfe1 Nbd7 14. Bf1 Qb6 15. h3 Bxf3 16. Nxf3 Re7 17. a4 Rae8 18. Bd3 Nh5 19. Bxg7 Kxg7 20. Qc3+ Kg8 21.
Qd2 Ne5 22. Nxe5 dxe5 23. Kh2 Nf4 24. Bf1 Rd7 25. g3 Ne6 26. Qc3 Nd4 27. Rac1 Rc7 28. Bg2 Rec8 29. f4 f6 30. axb5 axb5 31. Ra1 Ra7 32. Rxa7 Qxa7 33. Ra1 Qc7 34. Qb2 exf4 35. gxf4 Qxf4+ 36. Kg1 Qe5 37. Kh1 c4 38. bxc4 bxc4 39. Ra7 Rb8 0-1

[Event "Early-Titled-Tuesday-Blitz-November-28-2023"]
[Site "Chess.com"]
[Date "2023.11.28"]
[Round "11"]
[White "LizardMorrison"]
[Black "Magila31"]
[Result "0-1"]
[WhiteElo "2207"]
[BlackElo "2361"]
[TimeControl "180+1"]
[EndTime "10:10:48 PST"]
[Termination "Magila31 won by resignation"]

1. Nc3 c5 2. Nb1 b6 3. Nf3 Bb7 4. Ng1 g6 5. Nf3 Bg7 6. g3 Nf6 7.
Bg2 O-O 8. O-O d5 9. d3 Nbd7 10. c4 d4 11. Na3 e5 12. Nc2 Rb8 13. a3 e4 14. dxe4 Nxe4 15. Nce1 Ne5 16. Nxe5 Bxe5 17. Nd3 Bc7 18. Bf4 Re8 19. Bxc7 Qxc7 20. Nf4 Rbd8 21. Qd3 a5 22. h4 h6 23. h5 g5 24. Nd5 Bxd5 25. cxd5 Nf6 26. Qf5 Qe5 27. Qxe5 Rxe5 28. f4 gxf4 29. Rxf4 Nxh5 30. Rg4+ Rg5 31. Rxg5+ hxg5 32. Kf2 Nf6 33. e4 dxe3+ 34. Kxe3 Nxd5+ 35. Ke4 Ne7 36. Rh1 Kg7 37. Ke3 Nf5+ 38. Kf3 Rd2 39. Kg4 Ne3+ 40. Kxg5 Rxg2 41. g4 Rxg4+ 42. Kh5 Rg2 43.
b4 Nf5 44. Rh3 Kf6 45. Rg3 Rxg3 0-1

[Event "Early-Titled-Tuesday-Blitz-November-28-2023"]
[Site "Chess.com"]
[Date "2023.11.28"]
[Round "11"]
[White "DawidCzerw"]
[Black "Zavgorodniy_Sergiy"]
[Result "1-0"]
[WhiteElo "2555"]
[BlackElo "2679"]
[TimeControl "180+1"]
[EndTime "10:10:49 PST"]
[Termination "DawidCzerw won by resignation"]

1. e4 e5 2. Nf3 d6 3. Nc3 Nf6 4.
d4 exd4 5. Nxd4 Be7 6. g3 Bg4 7. f3 Bd7 8. Bg2 c5 9. Nde2 b5 10. O-O Bc6 11. Be3 O-O 12. h3 Nbd7 13. f4 b4 14. Nd5 Nxd5 15. exd5 Bb5 16. a4 Ba6 17.
Re1 Bf6 18. Rb1 Re8 19. Bf2 b3 20. c3 Rb8 21. g4 h6 22. Ng3 Rxe1+ 23. Qxe1 Bd3 24. Rd1 Bc2 25. Rd2 Nb6 26. Be4 Nc4 27. Re2 Nxb2 28. Bxc2 bxc2 29. Rxc2 Nd3 30. Qe3 Rb1+ 31.
Kg2 Nxf2 32. Rxf2 Bh4 33. Re2 Bxg3 34. Kxg3 Qf6 35. Qe8+ Kh7 36. Qe4+ Qg6 37. f5 Qf6 38. Qxb1 Qxc3+ 39. Kg2 1-0

[Event "Early-Titled-Tuesday-Blitz-November-28-2023"]
[Site "Chess.com"]
[Date "2023.11.28"]
[Round "11"]
[White "HATilay"]
[Black "Crasmus"]
[Result "1-0"]
[WhiteElo "2525"]
[BlackElo "2301"]
[TimeControl "180+1"]
[EndTime "10:10:51 PST"]
[Termination "HATilay won by checkmate"]

1. d4 c5 2. d5 e5 3. e4 d6 4. Nf3 g6 5. Bb5+ Nd7 6. a4 Bg7 7.
O-O a6 8. Bd3 f5 9. exf5 gxf5 10.
Bxf5 Ngf6 11. Nc3 O-O 12. Be6+ Kh8 13. Ng5 Qe7 14. Nge4 Nxe4 15. Nxe4 Nf6 16. Ng5 h6 17. Bxc8 Raxc8 18. Ne6 Rg8 19. f4 Nd7 20. f5 Nf6 21.
c4 b5 22. axb5 axb5 23. b3 bxc4 24. bxc4 Rb8 25. Rf3 Rb4 26. Rh3 Kh7 27. Qd2 Ng4 28. Qe2 Bf8 29. Rg3 Nf6 30. Rxg8 Nxg8 31. Qg4 Rb7 32.
Qg6+ Kh8 33. Ra8 Bg7 34. Bg5 Rb1+ 35. Kf2 Rb2+ 36. Kf3 Rb3+ 37. Kg4 hxg5 38. Qh5+ Bh6 39. Qxh6+ Qh7 40. Rxg8+ Kxg8 41. Qf8# 1-0

[Event "Early-Titled-Tuesday-Blitz-November-28-2023"]
[Site "Chess.com"]
[Date "2023.11.28"]
[Round "11"]
[White "jamengrand"]
[Black "masenik"]
[Result "1-0"]
[WhiteElo "2300"]
[BlackElo "2493"]
[TimeControl "180+1"]
[EndTime "10:10:52 PST"]
[Termination "jamengrand won by resignation"]

1. e4 c5 2. Nf3 e6 3. d4 cxd4 4. Bg5 Qa5+ 5. c3 Nc6 6. b4 Qb6 7. b5 Na5 8. Bd3 dxc3 9. Nxc3 Bb4 10. Rc1 Ne7 11. O-O d6 12. Bxe7 Kxe7 13. Na4 Qd8 14. e5 b6 15. exd6+ Bxd6 16. Be4 Bb7 17. Qe2 Bxe4 18. Qxe4 Rc8 19. Nd4 Bc5 20. Nf5+ Kf6 21. Nxc5 Rxc5 22. Rxc5 bxc5 23. Ng3 Qd4 24. Qf3+ Ke7 25.
Rd1 Qc4 26. Qe3 Qxb5 27. Qg5+ 1-0

[Event "Early-Titled-Tuesday-Blitz-November-28-2023"]
[Site "Chess.com"]
[Date "2023.11.28"]
[Round "11"]
[White "kai_nov"]
[Black "Gyulamiryan-koryun"]
[Result "1-0"]
[WhiteElo "2235"]
[BlackElo "1935"]
[TimeControl "180+1"]
[EndTime "10:10:52 PST"]
[Termination "kai_nov won on time"]

1. d4 Nf6 2. Nc3 g6 3. Bg5 Bg7 4. Nf3 O-O 5. e4 d6 6. Bd3 Bg4 7. O-O Bxf3 8. Qxf3 Nbd7 9. Rfe1 c6 10. e5 dxe5 11.
dxe5 Ne8 12. Bf4 Nc5 13. Bc4 e6 14. Rad1 Qa5 15. a3 Qc7 16. b4 Nd7 17. Qg3 b5 18.
Bb3 a5 19. Ne4 a4 20. Ba2 c5 21. Nf6+ Kh8 22. Nxd7 Rg8 23. Nxc5 Bf8 24. Rd7 Qc6 25. Rxf7 Bxc5 26. bxc5 Ng7 27. Bh6 Qxc5 28. Qf3 Rae8 29.
Qf6 1-0

[Event "Early-Titled-Tuesday-Blitz-November-28-2023"]
[Site "Chess.com"]
[Date "2023.11.28"]
[Round "11"]
[White "shimastream"]
[Black "atbenina64"]
[Result "1-0"]
[WhiteElo "2943"]
[BlackElo "2782"]
[TimeControl "180+1"]
[EndTime "10:10:53 PST"]
[Termination "shimastream won on time"]

1. Nf3 Nf6 2. b3 g6 3. Bb2 Bg7 4. d4 O-O 5. g3 c5 6. Bg2 Qa5+ 7. Nbd2 cxd4 8. Nxd4 d5 9. O-O e5 10. N4f3 e4 11.
Nd4 Nc6 12. e3 Bg4 13. Qe1 Nxd4 14. Bxd4 Qc7 15. c4 Be6 16. Rc1 dxc4 17. Nxc4 Qd7 18. Qe2 Bg4 19. Qb2 Qe6 20. Nd2 Be2 21. Rfe1 Bd3 22.
Rc7 Rfc8 23. Rec1 Rxc7 24. Rxc7 b5 25. b4 Nd5 26. Rc5 Bf8 27. Nb3 Nxb4 28. Re5 Qc6 29. Nc5 Bxc5 30. Rxc5 Qe6 31. Qxb4 Qxa2 32. Rc1 Qe2 33. Qe7 1-0

[Event "Early-Titled-Tuesday-Blitz-November-28-2023"]
[Site "Chess.com"]
[Date "2023.11.28"]
[Round "11"]
[White "Goryachkina"]
[Black "masterofpuppets2"]
[Result "1-0"]
[WhiteElo "2626"]
[BlackElo "2514"]
[TimeControl "180+1"]
[EndTime "10:10:53 PST"]
[Termination "Goryachkina won by resignation"]

1. e4 c6 2. d4 d5 3. exd5 cxd5 4.
c4 Nf6 5. Nc3 Nc6 6. Nf3 Bg4 7.
Bg5 Qa5 8. Bd2 Bxf3 9. gxf3 Qd8 10. Bg5 dxc4 11. d5 Ne5 12. f4 Ned7 13. Bxc4 g6 14. Qe2 Bg7 15. d6 e6 16. f5 gxf5 17. Rg1 Kf8 18.
O-O-O a6 19. Bf4 b5 20. Rxg7 Kxg7 21. Rg1+ Kf8 22. Bh6+ Ke8 23. Bxe6 Ne4 24. Bxf5 Nf6 25. Bxe4 Nxe4 26. Qxe4+ Kd7 27. Qb7+ Ke6 28. Qd5+ Kd7 29. Qxf7+ Kc6 30. Qd5+ Kb6 31. Be3+ Ka5 32. a3 1-0

[Event "Early-Titled-Tuesday-Blitz-November-28-2023"]
[Site "Chess.com"]
[Date "2023.11.28"]
[Round "11"]
[White "giomar27"]
[Black "Kapitan_Bayan"]
[Result "1-0"]
[WhiteElo "2427"]
[BlackElo "2292"]
[TimeControl "180+1"]
[EndTime "10:10:54 PST"]
[Termination "giomar27 won by resignation"]

1. e4 c5 2. Nf3 d6 3. d4 cxd4 4. Nxd4 Nf6 5. Nc3 a6 6. Bc4 e6 7. Bb3 Be7 8. g4 h6 9. h4 Nbd7 10. Rg1 Nc5 11. Qf3 Nfd7 12. g5 Ne5 13. Qg3 h5 14.
Be3 g6 15. O-O-O Bd7 16. f4 Ng4 17. f5 e5 18. fxg6 fxg6 19. Nde2 Bc6 20. Rgf1 Nxe3 21. Bf7+ Kd7 22. Qxe3 Kc7 23. Bxg6 b5 24. Bf5 b4 25.
Nd5+ Bxd5 26. exd5 a5 27. Ng3 a4 28. Ne4 Nxe4 29.
Qxe4 Qb8 30. Qc4+ Kd8 31. Be6 Ra7 32. Rf7 Rc7 33. Qe4 b3 34. axb3 axb3 35. c3 Qa7 36. g6 Qa1+ 37. Qb1 Rxc3+ 38. Kd2 Rc2+ 39. Qxc2 1-0

[Event "Early-Titled-Tuesday-Blitz-November-28-2023"]
[Site "Chess.com"]
[Date "2023.11.28"]
[Round "11"]
[White "Qvalda"]
[Black "GeorgiosSouleidis"]
[Result "1-0"]
[WhiteElo "2441"]
[BlackElo "2600"]
[TimeControl "180+1"]
[EndTime "10:10:55 PST"]
[Termination "Qvalda won on time"]

1. Nf3 Nf6 2. g3 g6 3. b3 Bg7 4. Bb2 O-O 5. Bg2 c5 6. c4 d5 7. cxd5 Nxd5 8. Bxg7 Kxg7 9. d4 cxd4 10. Qxd4+ Nf6 11. O-O Nc6 12. Qb2 Qa5 13. Nbd2 Qh5 14. b4 Bh3 15. b5 Bxg2 16. Kxg2 Nd8 17. Rac1 Ne6 18. Rc4 Rfd8 19. Rfc1 Rd7 20. Ne4 Qd5 21.
Nxf6 exf6 22. e4 Qd3 23. R1c3 Qd1 24. Rc8 Rxc8 25. Rxc8 Qd3 26. Qb4 h6 27. h4 b6 28. h5 g5 29. a4 Rd8 30. Rxd8 Qxd8 31. Qc3 Qd1 32. a5 Qe2 33. axb6 axb6 34. Qc6 1-0

[Event "Early-Titled-Tuesday-Blitz-November-28-2023"]
[Site "Chess.com"]
[Date "2023.11.28"]
[Round "11"]
[White "RodokininEV"]
[Black "EvgenyBurmakin"]
[Result "1-0"]
[WhiteElo "2633"]
[BlackElo "2440"]
[TimeControl "180+1"]
[EndTime "10:10:58 PST"]
[Termination "RodokininEV won by resignation"]

1. d4 Nf6 2. c4 g6 3. Nf3 Bg7 4. Nc3 O-O 5. e4 d6 6. Be2 e5 7. O-O Nc6 8. d5 Ne7 9. c5 dxc5 10. Be3 b6 11. a4 a5 12. Nb5 Ne8 13. Nd2 Nd6 14.
Nxd6 cxd6 15. f3 f5 16. Qb3 Qc7 17. Bb5 f4 18. Bf2 g5 19. Nc4 Rb8 20. Rad1 Ng6 21. Bc6 g4 22. Qb5 gxf3 23. gxf3 Bh3 24. Rfe1 Qe7 25.
Kh1 Kh8 26. Rg1 Bf6 27. Nd2 Rg8 28. Qe2 Rg7 29. Nc4 Rbg8 30. Nxb6 Nh4 31. Bxh4 Bxh4 32. Nc4 Bg2+ 33. Rxg2 Rxg2 34. Qxg2 Rxg2 35. Kxg2 Qg7+ 36. Kh1 Bf2 37. Nxa5 Qg5 38. Nc4 Bd4 39. Nxd6 Qh5 40. Rf1 Qh3 41. Bb5 Kg7 42. a5 Qh6 43. Nf5+ Kg6 44.
Nxh6 Kxh6 45. a6 1-0

[Event "Early-Titled-Tuesday-Blitz-November-28-2023"]
[Site "Chess.com"]
[Date "2023.11.28"]
[Round "11"]
[White "MIss_MIaMI"]
[Black "talaicito"]
[Result "1-0"]
[WhiteElo "2405"]
[BlackElo "2232"]
[TimeControl "180+1"]
[EndTime "10:10:59 PST"]
[Termination "MIss_MIaMI won on time"]

1. e4 c5 2. Nf3 d6 3. d4 cxd4 4. c3 Nf6 5. Bd3 dxc3 6. Nxc3 e6 7. O-O Be7 8. Qe2 O-O 9. Rd1 Nc6 10. e5 Ne8 11. Qe4 f5 12. exf6 Nxf6 13. Qh4 Qe8 14.
Nb5 Qh5 15. Qxh5 Nxh5 16. Bf1 d5 17. Bd2 a6 18. Nbd4 Nxd4 19. Nxd4 e5 20. Nf3 e4 21. Nd4 Bd7 22. g3 Rac8 23. Be2 Nf6 24. Bc3 Bg4 25.
Kf1 Bxe2+ 26. Nxe2 Ng4 27. Nf4 Bc5 28. Rxd5 Bxf2 29.
Rg5 Bxg3 30. Rxg7+ 1-0

[Event "Early-Titled-Tuesday-Blitz-November-28-2023"]
[Site "Chess.com"]
[Date "2023.11.28"]
[Round "11"]
[White "SimplyDevina"]
[Black "HajiyevKanan"]
[Result "0-1"]
[WhiteElo "2391"]
[BlackElo "2493"]
[TimeControl "180+1"]
[EndTime "10:11:00 PST"]
[Termination "HajiyevKanan won by resignation"]

1. d4 d5 2. c4 c6 3. Nc3 Nf6 4.
cxd5 cxd5 5. Bf4 a6 6. e3 Nc6 7. Bd3 Bg4 8. Nf3 e6 9. h3 Bh5 10. O-O Bd6 11. Bxd6 Qxd6 12. Be2 O-O 13. Rc1 Rfc8 14.
a3 b5 15. Ne1 Bg6 16. Nd3 Bxd3 17. Bxd3 Na5 18. Qe2 Nc4 19. Rfd1 Rab8 20. e4 dxe4 21. Nxe4 Nxe4 22. Bxe4 Nb6 23. Qe3 Nd5 24. Qd2 g6 25. Bxd5 Qxd5 26. b4 Rc4 27. Rxc4 bxc4 28. Rc1 Rd8 29. Qc3 Rc8 30. Re1 Rd8 31. Rc1 Qxd4 32.
Qxc4 Qxc4 33. Rxc4 Rd3 34. a4 Rb3 35. Rc8+ Kg7 36.
Rb8 h5 37. b5 Rb4 38. a5 axb5 39. a6 Ra4 40. Rxb5 Rxa6 41. Rb7 h4 42. Kf1 Ra2 43. Kg1 g5 44. Kf1 Kg6 45. Kg1 f5 46. Kf1 Ra1+ 47. Ke2 Kf6 48. Rb5 Rg1 49. Kf3 Rc1 50. g3 Rc3+ 51.
Kg2 hxg3 52. fxg3 Rc2+ 53. Kf3 Rh2 54. Rb8 Rxh3 55. Kg2 Rh7 0-1

[Event "Early-Titled-Tuesday-Blitz-November-28-2023"]
[Site "Chess.com"]
[Date "2023.11.28"]
[Round "11"]
[White "parintele_chess"]
[Black "KVAIDAN"]
[Result "0-1"]
[WhiteElo "2205"]
[BlackElo "2355"]
[TimeControl "180+1"]
[EndTime "10:11:02 PST"]
[Termination "KVAIDAN won by resignation"]

1. d4 e6 2. Nf3 f5 3. g3 Nf6 4. Bg2 Be7 5. O-O O-O 6. c4 d6 7.
Nc3 a5 8. a4 Qe8 9. b3 Qh5 10.
Qc2 Nc6 11. Ba3 Bd7 12. Nb5 Bd8 13. d5 Nb4 14. Bxb4 axb4 15. dxe6 Bxe6 16. Nbd4 Bd7 17. Qd3 Ne4 18. Nd2 Nc5 19. Bd5+ Kh8 20. Qf3 Qg6 21.
Bxb7 Nxb7 22. Qxb7 Bf6 23. N2f3 Rac8 24. a5 f4 25. a6 Bh3 26. a7 Ra8 27. Rfd1 c5 28.
Nh4 Bxh4 29. Nb5 fxg3 30. fxg3 Bxg3 31. hxg3 Qxg3+ 32. Kh1 Qh4 33. Kg1 Bf5 34. Qg2 Be4 35. Qh2 Qg4+ 0-1

[Event "Early-Titled-Tuesday-Blitz-November-28-2023"]
[Site "Chess.com"]
[Date "2023.11.28"]
[Round "11"]
[White "secretsuperstar7"]
[Black "Felix-Rose"]
[Result "1-0"]
[WhiteElo "2458"]
[BlackElo "2338"]
[TimeControl "180+1"]
[EndTime "10:11:04 PST"]
[Termination "secretsuperstar7 won by resignation"]

1. c4 e6 2. Nc3 d5 3. e3 Nf6 4.
Nf3 Be7 5. b3 O-O 6. Bb2 c5 7.
cxd5 Nxd5 8. Be2 b6 9. O-O Bb7 10. d4 Nxc3 11. Bxc3 Nc6 12. Rc1 cxd4 13. Nxd4 Nxd4 14.
Bxd4 Bf6 15. Bxf6 Qxf6 16. Rc7 Rfd8 17. Qc2 Rac8 18. Rc1 Rxc7 19. Qxc7 Bd5 20. Rd1 Ra8 21. Rd4 h5 22. Bxh5 g6 23. Be2 Qg5 24. Rg4 Qf5 25.
e4 Bxe4 26. Rf4 Qg5 27. Qxf7+ Kh8 28. Rxe4 Qc1+ 29. Bf1 Rg8 30. Rh4+ 1-0

[Event "Early-Titled-Tuesday-Blitz-November-28-2023"]
[Site "Chess.com"]
[Date "2023.11.28"]
[Round "11"]
[White "WindWhistler11"]
[Black "carokannlover213"]
[Result "0-1"]
[WhiteElo "2556"]
[BlackElo "2690"]
[TimeControl "180+1"]
[EndTime "10:11:05 PST"]
[Termination "carokannlover213 won on time"]

1. Nf3 g6 2. g3 Bg7 3. Bg2 e5 4. O-O e4 5. Ne1 d5 6. d3 exd3 7. Nxd3 Ne7 8. c3 O-O 9. Bg5 h6 10. Bf4 Bf5 11. Na3 Nd7 12. Nb5 c6 13. Bc7 Qc8 14.
Bd6 Qd8 15. Nd4 Bxd3 16. exd3 Bxd4 17. cxd4 Nf5 18. Bxf8 Kxf8 19. Bh3 Nxd4 20. Re1 Nc5 21. Re3 Qf6 22. Qd2 Kg7 23. Bg2 Nf5 24. Rf3 h5 25. Re1 Ne6 26. Bh3 Ng5 27. Rxf5 Nxh3+ 28. Kg2 Qxf5 29. Qc3+ Kg8 30. f4 Nxf4+ 31. gxf4 Qg4+ 32. Kh1 Qf3+ 33. Kg1 Qxf4 34. Rf1 Qg4+ 35. Kh1 Re8 36. Qf6 Qe6 37. Qf2 b6 38. h3 c5 39. Qg3 d4 40. Rf3 Qe1+ 41. Kg2 Re2+ 42. Rf2 Rxf2+ 43. Qxf2 Qxf2+ 0-1